 Dungeon Crawl Stone Soup version 0.31-a0-182-gc5ef74bbde (webtiles) character file.

Game seed: 10325833860406486446

117 qw the Shield-Bearer (level 5, -1/32 HPs)
             Began as a Gargoyle Fighter on June 21, 2023.
             Slain by an orc priest
             ... wielding a +0 hand axe
              (6 damage)
             ... on level 3 of the Dungeon.
             The game lasted 00:00:59 (2390 turns).

qw the Shield-Bearer (Gargoyle Fighter)             Turns: 2390, Time: 00:01:00

Health: -1/32      AC: 10    Str: 21    XL:     5   Next: 1%
Magic:  5/5        EV:  8    Int:  9    God:
Gold:   162        SH:  8    Dex:  9    Spells: 4/4 levels left

rFire   . . .        Y - +0 war axe
rCold   . . .        a - +0 kite shield
rNeg    + . .        b - +0 scale mail
rPois   inf          (no helmet)
rElec   +            (no cloak)
rCorr   .            (no gloves)
SInv    +            (no boots)
Will    .....        (no amulet) Stlth
                     h - ring of see invisible
HPRegen 0.25/turn    (no ring)
MPRegen 0.09/turn

%: no passive effects
@: very slow
A: sickness immunity, AC +4, negative energy resistance 1, electricity
resistance, torment resistance 1, petrification resistance
a: no special abilities


You were on level 3 of the Dungeon.
You visited 1 branch of the dungeon, and saw 3 of its levels.

You collected 190 gold pieces.
You spent 28 gold pieces at shops.


Innate Abilities, Weirdness & Mutations

You are immune to sickness and miasma.
Your stone body is resilient. (AC +4)
You are immune to poison.
You resist negative energy. (rN+)
You are resistant to electric shocks. (rElec)
You are resistant to unholy torment.
You are immune to petrification.


   Skills:
 - Level 3.2 Fighting
 + Level 3.3 Axes
 - Level 2.0 Throwing
 - Level 3.2 Armour
 - Level 4.1 Shields


You had 4 spell levels left.
You didn't know any spells.
Your spell library was empty.

Inventory:

Hand Weapons
 i - a +0 flail
 Y - a +0 war axe (weapon)
Missiles
 f - 2 javelins (quivered)
Armour
 a - a +0 kite shield (worn)
 b - a +0 scale mail (worn)
 l - a +0 chain mail
 n - a +1 pair of boots
 o - a +0 helmet
Jewellery
 h - a ring of see invisible (left hand)
Scrolls
 c - a scroll of enchant armour {unknown}
 k - 2 scrolls of identify
Potions
 d - a potion of might
 e - a potion of enlightenment
 g - a potion of lignification {unknown}
 j - a potion of berserk rage {unknown}
 m - a potion of invisibility {unknown}

Dungeon Overview and Level Annotations

Branches:
Dungeon (3/15)

Altars:

Shops:
D:1 ([??

Annotations:
D:3 Natasha


Message History

The orc barely misses you.
You hit the orc.
You kill the orc!
Natasha casts a spell.
You enter the shallow water.
Moving in this stuff is going to be slow.
The orc priest hits you but does no damage.
Things that are here:
a +0 short sword; a +0 robe You hit the orc priest but do no damage.
You block the orc priest's attack.
The orc priest mumbles some strange prayers to Beogh against you.
You barely resist. You hit the orc priest.
The orc priest is lightly wounded.
You slash Natasha!
Natasha mumbles some strange words.
The cerulean imp hits you from afar with a +1 spear.
The orc priest splashes around in the water.
Natasha claws you but does no damage.
You closely miss Natasha.
Natasha is heavily wounded.
You slash the cerulean imp! You barely miss the orc priest.
The cerulean imp barely misses you. You block the orc priest's attack.
Natasha completely misses you.
The cerulean imp hits you but does no damage.
The cerulean imp hits you from afar with a +1 spear.
The orc priest splashes around in the water.
You closely miss the cerulean imp.
The cerulean imp is almost dead.
You hit Natasha. You barely miss the orc priest. You block Natasha's attack.
The cerulean imp barely misses you.
The cerulean imp hits you but does no damage.
The orc priest hits you with a +0 hand axe.
Your unstable footing causes you to fumble your attack.
The cerulean imp hits you but does no damage.
Natasha mumbles some strange words.
The cerulean imp hits you but does no damage.
The orc priest hits you with a +0 hand axe.
You die...

# #.......~.~P~7 #. #
#......~~P~~~ 7~ #. #
#.....~.~~7 ~~. #. #
##....~P~~7 7~~~## #. #
#....~~~~77~~P~.. #.
############.~~7~~7 ~...
#####.
............~~~~~~7~~~~.
+.....
###.#########~~~5h~7~~~~
#####. # #.## ###.@o5~7
#. # #.%### #..5).w~.~~7
#. # ##.%.# #.......~~~~
#. # ###.# #..........~
#. #.## #........... ##
#..# #.........## ##.###
###.####### #.))### #.#
###)%.###.#


You could see a worm, an orc priest, Natasha (empowered) and 3 cerulean imps.

Vanquished Creatures
  Jessica (D:2)
  Robin (D:3)
  An adder (D:3)
  A worm (D:2)
  2 orcs (D:3)
  4 ball pythons
  5 endoplasms
  2 giant cockroaches
  10 goblins
  12 hobgoblins
  5 jackals
  4 kobolds
  3 bats
  4 frilled lizards
  4 rats
59 creatures vanquished.

Notes
Turn   | Place    | Note
-------+----------+-------------------------------------------
     0 | D:1      | qw the Gargoyle Fighter began the quest for the Orb.
     0 | D:1      | Reached XP level 1. HP: 14/14 MP: 1/1
     0 | D:1      | 0 ||| qw: Version: 0.3-a-9-g12657ce
     0 | D:1      | 0 ||| qw: Game counter: 1653
     0 | D:1      | 0 ||| qw: Always use a shield: true
     0 | D:1      | 0 ||| qw: God list: Okawaru
     0 | D:1      | 0 ||| qw: Allow faded altars: false
     0 | D:1      | 0 ||| qw: Do Orc after D:15 true
     0 | D:1      | 0 ||| qw: Do second Lair branch before Depths: true
     0 | D:1      | 0 ||| qw: Lair rune preference: random
     0 | D:1      | 0 ||| qw: Plans: Normal, Zot:1-4, Slime:5, God:TSO, Crypt,
                  | Tomb, Abyss, Pan, Hells, Win
     0 | D:1      | 0 ||| PLANNING D:1-11
    61 | D:1      | Found Umapo's Magic Scroll Boutique.
    71 | D:1      | 71 ||| SHOPLISTING scroll of enchant armour (97 gold, have
                  | 0).
    71 | D:1      | 71 ||| SHOPLISTING scroll of teleportation (39 gold, have
                  | 0).
   102 | D:1      | Reached XP level 2. HP: 10/19 MP: 2/2
   210 | D:1      | Found Locleasyus's Weapon Shoppe.
   213 | D:1      | 213 ||| SHOPLISTING +0 mace (30 gold, have 0).
   287 | D:1      | Found Dungih's Antique Armour Shop.
   294 | D:1      | 294 ||| SHOPLISTING chain mail (103 gold, have 0).
   294 | D:1      | 294 ||| SHOPLISTING glowing chain mail (172 gold, have 0).
   294 | D:1      | 294 ||| SHOPLISTING glowing ring mail (161 gold, have 0).
   317 | D:1      | 317 ||| Stepping ~*~*~tactically~*~*~ (hiding).
   467 | D:1      | Reached skill level 3 in Axes
   557 | D:1      | Found Ciyluq Meilo's Magic Scroll Boutique.
   564 | D:1      | 564 ||| SHOPLISTING scroll of brand weapon (133 gold, have
                  | 47).
   564 | D:1      | 564 ||| BUYING scroll of identify (28 gold).
   564 | D:1      | Bought a scroll of identify for 28 gold pieces
   564 | D:1      | 564 ||| SHOPLISTING scroll of identify (28 gold, have 19).
   564 | D:1      | 564 ||| SHOPLISTING scroll of teleportation (42 gold, have
                  | 19).
   659 | D:1      | Reached XP level 3. HP: 23/23 MP: 3/3
   954 | D:1      | 954 ||| UPGRADING to ring of see invisible.
   955 | D:1      | 955 ||| READING scroll labelled ACEICY ATESUATH.
   956 | D:1      | 956 ||| DRINKING 2 fizzy brown potions.
   957 | D:1      | 957 ||| DROPPING potion of brilliance.
  1344 | D:2      | 1344 ||| Stepping ~*~*~tactically~*~*~ (hiding).
  1414 | D:2      | Noticed Jessica
  1417 | D:2      | Killed Jessica
  1418 | D:2      | Reached XP level 4. HP: 26/28 MP: 4/4
  1703 | D:2      | Found a faded altar of an unknown god.
  1795 | D:2      | 1795 ||| UPGRADING to +0 kite shield.
  1805 | D:2      | 1805 ||| DROPPING +0 buckler.
  1806 | D:2      | 1806 ||| READING scroll labelled QUITREALUU.
  1807 | D:2      | 1807 ||| DRINKING 2 lumpy grey potions.
  1891 | D:3      | 1891 ||| DROPPING +0 club.
  2246 | D:3      | Noticed Robin
  2262 | D:3      | Killed Robin
  2263 | D:3      | Reached skill level 4 in Shields
  2378 | D:3      | 2378 ||| Stepping ~*~*~tactically~*~*~ (water).
  2378 | D:3      | Noticed Natasha
  2380 | D:3      | 2380 ||| Stepping ~*~*~tactically~*~*~ (water).
  2382 | D:3      | Reached XP level 5. HP: 14/32 MP: 5/5
  2382 | D:3      | HP: 8/32 [Natasha/magic dart (3)]
  2387 | D:3      | HP: 6/32 [cerulean imp/+1 spear[Natasha] (1)]
  2390 | D:3      | Slain by an orc priest

Levels and vault maps discovered:
D:1:      minmay_arrival_floating_metal, layout_loops_ring, serial_shops,
          nicolae_shop_advertising_works [nicolae_subvault_shop_adworks], shop,
          nicolae_shop_real_fake_doors, nicolae_lakefront_shop
D:2:      layout_basic, shapermc_ecumenical_altar_pompeii,
          serial_bayou_lagoon_b, uniq_jessica
D:3:      layout_basic, minmay_gold_behind_fungi, serial_bayou_lagoon_a,
          uniq_robin, uniq_natasha, uniq_crazy_yiuf_cottage

Skill      XL: |  1  2  3  4 |
---------------+-------------+-----
Axes           | 2 3 |  3.3
Throwing       | 2 |  2.0
Shields        | 4 |  4.1
Fighting       | |  3.2
Armour         | |  3.2

Action                     |  1- 3 |  4- 6 || total
---------------------------+-------+-------++-------
  Melee: War axe           |    89 |    79 ||   168
  Throw: Javelin           |    15 |    20 ||    35
    Use: Scroll            |     1 |     1 ||     2
         Potion            |     1 |     1 ||     2
 Armour: Scale mail        |    37 |    61 ||    98
  Dodge: Dodged            |    43 |    28 ||    71
  Block: Buckler           |    16 |       ||    16
         Kite shield       |       |    39 ||    39

Table legend:
 A = Non-vault XP
 B = Vault XP
 C = Vault XP percentage of total XP
 D = Non-vault monster count
 E = Vault monster count
 F = Vault count percentage of total count
                 A         B        C        D         E       F
            +---------+---------+-------+---------+---------+-------
      Total |      97 |      71 |  42.3 |      48 |      11 |  18.6
            +---------+---------+-------+---------+---------+-------
        D:1 |      35 |       0 |   0.0 |      20 |       0 |   0.0
        D:2 |      20 |      37 |  64.9 |      11 |       1 |   8.3
        D:3 |      42 |      34 |  44.7 |      17 |      10 |  37.0
            +---------+---------+-------+---------+---------+-------
